 Dungeon Crawl Stone Soup version 0.16.2-3-ga078185 (webtiles) character file.

1796 Enish the Scholar of Death (level 9, -6/42 HPs)
             Began as a Vine Stalker Necromancer on Sept 7, 2015.
             Was a Follower of Kikubaaqudgha.
             Mangled by an orc warrior
             ... wielding a +0 halberd
              (12 damage)
             ... on level 6 of the Dungeon.
             The game lasted 00:32:10 (5915 turns).

Enish the Scholar of Death (VSNe)                   Turns: 5915, Time: 00:32:10

Health: -6/42      AC:  7    Str: 12    XL:     9   Next: 9%
Magic:  0/25       EV: 13    Int: 18    God:    Kikubaaqudgha [*.....]
Gold:   313        SH:  0    Dex: 14    Spells: 6 memorised, 8 levels left

rFire  . . .     SeeInvis .     A - +0 whip (drain)
rCold  + . .     Clarity  .     F - +2 robe {rC+}
rNeg   . . .     SustAb   .     (no shield)
rPois  +         Gourm    .     (no helmet)
rElec  .         Spirit   +     z - +0 cloak
rCorr  .         Warding  .     q - +0 pair of gloves
rMut   +         Stasis   .     B - +0 pair of boots
MR     +....                    u - amulet of resist mutation
Stlth  ++........               (no ring)
                                k - ring of poison resistance

@: somewhat resistant to hostile enchantments, unstealthy
A: fangs 3, regeneration 2, robust 1, magic shield, antimagic bite, no device
heal 3, rot immunity
a: Receive Corpses, Renounce Religion


You were on level 6 of the Dungeon.
You worshipped Kikubaaqudgha.
Kikubaaqudgha was aware of your devotion.
You were hungry.

You visited 2 branches of the dungeon, and saw 8 of its levels.
You also visited: Sewer.

You collected 313 gold pieces.

Inventory:

Hand weapons
 i - a +5 dagger
 o - a +4 quarterstaff of chaos
 w - a +0 dagger of venom
 A - a +0 whip of draining (weapon)
Missiles
 e - 22 arrows
 y - 8 tomahawks (quivered)
Armour
 q - a +0 pair of gloves (worn)
 z - a +0 cloak (worn)
 B - a +0 pair of boots (worn)
 F - a +2 robe of cold resistance (worn)
Jewellery
 k - a ring of poison resistance (left hand)
 u - an amulet of resist mutation (around neck)
Magical devices
 E - a wand of magic darts (32)
Scrolls
 g - a scroll of fog
 l - a scroll of enchant armour
 n - 2 scrolls of remove curse
Potions
 a - 3 potions of flight
 d - 4 potions of curing
 f - a potion of agility
 p - 2 potions of cancellation
 s - a potion of haste {unknown}
 v - 4 potions of brilliance
 x - a potion of magic
 C - a potion of resistance {unknown}
 D - 2 potions of might {unknown}
Books
 b - a book of Necromancy

   Spells                             Type                      Level
   a - Pain                           Necromancy                   1
   b - Animate Skeleton               Necromancy                   1
   c - Vampiric Draining              Necromancy                   3
   d - Regeneration                   Charms/Necromancy            3
   e - Animate Dead                   Necromancy                   4
   f - Control Undead                 Necromancy                   4
 t - Kikubaaqudgha's Reference Book on Dark Secrets
   (Kikubaaqudgha gifted it to you on level 4 of the Dungeon)

   Spells                             Type                      Level
   a - Pain                           Necromancy                   1
   b - Corpse Rot                     Necromancy                   2
   c - Sublimation of Blood           Necromancy                   2
   d - Regeneration                   Charms/Necromancy            3
   e - Control Undead                 Necromancy                   4
Comestibles
 c - 3 bread rations
 h - a royal jelly
 j - 3 meat rations
 m - a fruit
 r - 2 slices of pizza


   Skills:
 - Level 3.0 Dodging
 - Level 2.4 Stealth
 - Level 7.0 Spellcasting
 * Level 9.6 Necromancy


You had 8 spell levels left.
You knew the following spells:

 Your Spells              Type           Power        Failure   Level  Hunger
a - Pain                  Necr           ####         1%          1    None
b - Animate Skeleton      Necr           N/A          1%          1    None
c - Vampiric Draining     Necr           #####.....   1%          3    ##.....
d - Regeneration          Chrm/Necr      ###.......   4%          3    ##.....
e - Control Undead        Necr           #####.....   2%          4    ####...
f - Sublimation of Blood  Necr           #####.....   1%          2    None


Dungeon Overview and Level Annotations

Branches:
Dungeon (7/15)             Temple (1/1) D:6

Altars:
Elyvilon
Gozag
Kikubaaqudgha
Makhleb
Nemelex Xobeh
Qazlal
Sif Muna
Vehumet
Yredelemnul
Zin
The Shining One

Annotations:
D:7 Dowan; Duvessa; Joseph; Prince Ribbit; aliceinspace's ghost, experienced GrWz


Innate Abilities, Weirdness & Mutations

You have razor-sharp teeth.
You heal very quickly.
When hurt, damage is shared between your health and your magic reserves.
Your bite disrupts and absorbs the magic of your enemies.
Potions and wands cannot restore your health.
You are immune to rotting.
You are robust (+10% HP).


Message History

The orc warrior barely resists.
The orc warrior hits you with a halberd!!
Things that are here:
a trident; an orc corpse
Casting: Pain
Confirm with . or Enter, or press ? or * to list all spells.
Aiming: Vampiric Draining
Press: ? - help, Shift-Dir - straight line, f/p - orc warrior
Aim: an orc warrior, wielding a halberd and wearing a chain mail (lightly wounded)
The orc warrior is heavily wounded.
You feel life coursing into your body.
The orc warrior hits you with a halberd!!
* * * LOW HITPOINT WARNING * * *
Read which item? (? for menu, Esc to quit)
Okay, then.
You see here a bat skeleton.
There is a stone staircase leading up here.
The orc warrior hits you from afar with a halberd!
You die...
Kikubaaqudgha rasps: "You have failed me!
Welcome... death!"

.......# #..............#######
####o..# #.##.##.######## ##.
#...# #.##.##.# #.. #...#
#.......############.. #...#
#.................##..
####...########.##.###.......###.
..............#.##.###.......# ##
..............#.##.#...##########
................@..#.#..≈≈≈≈≈≈≈≈†
####...#####..#.#.o#.#..≈≈≈≈.≈≈≈†
#...# #..#.#..÷....≈≈≈≈≈≈≈≈≈
#...# #..#...##.############
#...# #..[....)).# ####.## #...#
#........).# ##....## .....
######.###.####..##... #
#.###(##.......##
#...#[##.8.8.8.##


You could see an orc warrior.

Vanquished Creatures
  Pikel (D:4)
  3 slaves (D:4)
  2 ice beasts (D:5)
  An ogre (D:4)
  A phantom (D:5)
  A big kobold (Sewer)
  Blork the orc (D:4)
  A giant frog (D:6)
  A scorpion (D:5)
  A centaur zombie (D:6)
  A crimson imp (D:5)
  2 hounds (D:5)
  Crazy Yiuf (D:4)
  3 orc priests
  2 iguanas (D:5)
  4 orc wizards
  3 worker ants (D:4)
  A killer bee zombie (D:5)
  A hound zombie (D:6)
  2 hound skeletons (D:5)
  5 adders
  2 river rats (Sewer)
  2 giant mites (D:6)
  2 worms
  An adder zombie (D:5)
  2 oozes
  16 orcs
  2 bat skeletons
  6 giant cockroaches
  11 goblins
  11 hobgoblins
  4 jackals
  9 kobolds
  A quokka (D:3)
  4 ball pythons
  13 bats
  6 giant geckos
  4 giant newts
  9 rats
143 creatures vanquished.

Vanquished Creatures (collateral kills)
  A rat (D:3)
1 creature vanquished.

Vanquished Creatures (others)
  A giant gecko skeleton (D:1)
  2 goblin skeletons (D:1)
  A hobgoblin skeleton (D:1)
4 creatures vanquished.

Grand Total: 148 creatures vanquished

Notes
Turn   | Place    | Note
--------------------------------------------------------------
     0 | D:1      | Enish, the Vine Stalker Necromancer, began the quest for the Orb.
     0 | D:1      | Reached XP level 1. HP: 9/9 MP: 3/3
   103 | D:1      | Learned a level 1 spell: Animate Skeleton
   157 | D:1      | Reached XP level 2. HP: 11/13 MP: 2/6
   615 | D:2      | Found a basalt altar of Yredelemnul.
   707 | D:2      | Reached XP level 3. HP: 3/16 MP: 1/9
   851 | D:2      | Learned a level 3 spell: Vampiric Draining
   855 | D:2      | Learned a level 3 spell: Regeneration
  1057 | D:2      | Found a radiant altar of Vehumet.
  1349 | D:3      | Gained mutation: Your body is slowly deteriorating. [potion of mutation]
  1349 | D:3      | Gained mutation: You are robust (+10% HP). [potion of mutation]
  1349 | D:3      | Lost mutation: Your body is slowly deteriorating. [potion of mutation]
  1421 | D:3      | Reached XP level 4. HP: 14/23 MP: 1/12
  2077 | D:4      | Noticed Prince Ribbit
  2266 | D:4      | Reached skill level 5 in Spellcasting
  2275 | D:4      | Noticed an ogre
  2283 | D:4      | Killed an ogre
  2283 | D:4      | Reached skill level 5 in Necromancy
  2283 | D:4      | Reached XP level 5. HP: 9/26 MP: 1/17
  2445 | D:4      | Noticed a slave
  2458 | D:4      | Killed a slave
  2553 | D:4      | Noticed Pikel
  2553 | D:4      | Noticed a slave
  2553 | D:4      | Noticed a slave
  2557 | D:4      | Noticed a slave
  2563 | D:4      | Killed a slave
  2575 | D:4      | HP: 1/26 [Pikel/whip of freezing (2)]
  2756 | D:4      | Gained mutation: You heal very quickly. [vine stalker growth]
  2756 | D:4      | Reached XP level 6. HP: 25/30 MP: 6/18
  2928 | D:4      | Noticed Blork the orc
  3115 | D:5      | Entered Level 5 of the Dungeon
  3200 | D:5      | Learned a level 4 spell: Control Undead
  3213 | D:5      | Reached skill level 6 in Necromancy
  3293 | D:6      | Found an opulent altar of Gozag.
  3298 | D:7      | Noticed Duvessa
  3298 | D:7      | Noticed Dowan
  3298 | D:7      | Noticed Joseph
  3300 | D:7      | Noticed aliceinspace's ghost (experienced GrWz)
  3364 | D:6      | Found a glowing drain.
  3368 | D:6      | Reached XP level 7. HP: 35/35 MP: 17/20
  3385 | Sewer    | Entered a sewer
  3496 | Sewer    | Found a white marble altar of Elyvilon.
  3583 | D:6      | Found a staircase to the Ecumenical Temple.
  3591 | Temple   | Entered the Ecumenical Temple
  3660 | Temple   | Became a worshipper of Kikubaaqudgha
  3969 | D:5      | Found a basalt altar of Yredelemnul.
  3988 | D:5      | Reached skill level 7 in Spellcasting
  4031 | D:5      | Found a white marble altar of Elyvilon.
  4418 | D:5      | Gained mutation: You have razor-sharp teeth. [vine stalker growth]
  4418 | D:5      | Reached XP level 8. HP: 36/39 MP: 19/24
  4975 | D:4      | Killed a slave
  5166 | D:4      | Killed Blork the orc
  5268 | D:4      | Noticed Crazy Yiuf
  5284 | D:4      | Killed Crazy Yiuf
  5606 | D:4      | Reached skill level 8 in Necromancy
  5673 | D:4      | Killed Pikel
  5673 | D:4      | Acquired Kikubaaqudgha's first power
  5673 | D:4      | Received a gift from Kikubaaqudgha
  5673 | D:4      | Reached skill level 9 in Necromancy
  5673 | D:4      | Reached XP level 9. HP: 39/42 MP: 2/25
  5676 | D:4      | Identified Kikubaaqudgha's Reference Book on Dark Secrets (Kikubaaqudgha gifted it to you on level 4 of the Dungeon)
  5781 | D:4      | Learned a level 2 spell: Sublimation of Blood
  5909 | D:6      | HP: 2/42 [orc warrior/halberd (19)]
  5915 | D:6      | Mangled by an orc warrior

Action                   |  1- 3 |  4- 6 |  7- 9 || total
-------------------------+-------+-------+-------++-------
Melee: Unarmed           |    14 |       |       ||    14
       Dagger            |     7 |    80 |   106 ||   193
       Whip              |       |       |    30 ||    30
 Cast: Pain              |    71 |    69 |    95 ||   235
       Animate Skeleton  |     4 |     1 |     5 ||    10
       Vampiric Draining |       |    13 |    15 ||    28
       Regeneration      |       |       |     4 ||     4
  Use: Scroll            |     9 |     3 |     6 ||    18
       Potion            |     1 |     1 |     1 ||     3
 Stab: Sleeping          |     3 |     4 |     2 ||     9
       Distracted        |       |       |     1 ||     1
  Eat: Chunk             |     2 |     4 |     6 ||    12
       Fruit             |       |     1 |     1 ||     2
       Pizza             |       |     1 |       ||     1
       Beef jerky        |       |       |     1 ||     1
